 Dungeon Crawl Stone Soup version 0.29-a0-194-g6e3aafee17 (webtiles) character file.

Game seed: 15640180999351627295

9480 siradein the Fighter (level 11, -21/101 HPs)
             Began as a Hill Orc Fighter on Feb 23, 2022.
             Was a Priest of Makhleb.
             Engulfed by a fire crab (shapeshifter)'s flame (22 damage)
             ... on level 9 of the Dungeon.
             The game lasted 00:41:06 (9179 turns).

siradein the Fighter (Hill Orc Fighter)             Turns: 9179, Time: 00:41:07

Health: -21/101    AC:  9    Str: 28    XL:     11   Next: 47%
Magic:  17/17      EV:  7    Int:  8    God:    Makhleb [***...]
Gold:   428        SH:  6    Dex: 14    Spells: 10/10 levels left

rFire   . . .      SeeInvis .   a - +0 trident
rCold   . . .      Faith    .   c - +0 buckler
rNeg    . . .      Spirit   .   y - +0 plate armour
rPois   .          Reflect  .   (helmet restricted)
rElec   .          Harm     .   x - +0 cloak
rCorr   .          Rampage  .   (no gloves)
Will    .....                   n - +0 pair of boots
Stlth   ..........              p - amulet of regeneration
HPRegen 1.06/turn               H - +6 ring of strength
MPRegen 0.15/turn               f - ring of flight

@: lethally poisoned (-21 -> -22), corroded, flying
A: antennae 1, talons 1, strong 1
a: Renounce Religion, Minor Destruction, Lesser Servant of Makhleb


You were on level 9 of the Dungeon.
You worshipped Makhleb.
Makhleb was most pleased with you.
You visited 1 branch of the dungeon, and saw 10 of its levels.
You also visited: Sewer.

You collected 862 gold pieces.
You spent 434 gold pieces at shops.

Inventory:

Hand Weapons
 a - a +0 trident (weapon)
 r - a +0 hunting sling
Missiles
 e - 233 stones
 l - 46 poisoned darts (quivered)
 A - a curare-tipped dart
Armour
 c - a +0 buckler (worn)
 n - a +0 pair of boots (worn)
 x - a +0 cloak (worn)
 y - a +0 plate armour (worn)
Jewellery
 f - a ring of flight (right hand)
 g - an amulet of the acrobat
 m - an amulet of reflection
 p - an amulet of regeneration (around neck)
 t - a ring of positive energy
 u - a ring of ice
 H - a +6 ring of strength (left hand)
Wands
 j - a wand of digging (3)
 k - a wand of charming (6)
 q - a wand of acid (7)
Scrolls
 b - 4 scrolls of teleportation
 h - 2 scrolls of fear
 i - 3 scrolls of amnesia
 s - a scroll of holy word
 w - 2 scrolls of fog
 E - a scroll of enchant armour {unknown}
 F - a scroll of acquirement {unknown}
 G - 3 scrolls of immolation {unknown}
 I - a scroll of torment {unknown}
Potions
 d - 2 potions of might
 o - a potion of attraction
 v - a potion of mutation
 z - 2 potions of curing
 B - 2 potions of heal wounds
 C - a potion of ambrosia
 D - a potion of cancellation


   Skills:
 + Level 10.4 Fighting
 + Level 9.2 Polearms
 + Level 9.6 Armour
 + Level 9.5 Shields
 + Level 9.0 Invocations


You had 10 spell levels left.
You didn't know any spells.
Your spell library contained the following spells:

 Spells                   Type           Power      Damage    Failure   Level
 Pain                     Necr           0%         1d4       99%         1
 Ignite Poison            Fire/Tmut/Pois 0%         N/A       100%        3
 Mephitic Cloud           Conj/Pois/Air  0%         N/A       100%        3
 Agony                    Necr           0%         N/A       100%        5
 Excruciating Wounds      Necr           0%         N/A       100%        5
 Freezing Cloud           Conj/Ice/Air   0%         6-21      100%        5


Dungeon Overview and Level Annotations

Branches:
Dungeon (10/15)            Temple (0/1) D:7            Lair (0/6) D:8
  Sewer (visited)
    Orc: D:9-12

Altars:
Cheibriados
Elyvilon
Fedhas
Kikubaaqudgha
Makhleb
Qazlal
Ru
Sif Muna
Uskayaw
Wu Jian
Yredelemnul
Zin
The Shining One

Shops:
D:5 !   D:7 **   D:8 (

Annotations:
D:10 Amaemon


Innate Abilities, Weirdness & Mutations

You have a pair of small antennae on your head.
You have sharp toenails.
Your muscles are strong. (Str +2)


Message History

The two-headed ogre hits your smoke demon with a +0 giant spiked club.
Your smoke demon dies!
Your smoke demon disappears in a puff of smoke!
The howler monkey hits you but does no damage.
The orc warrior hits you with a +0 mace!
You block the howler monkey's attack.
Unknown command.
Unknown command.
The meliai closely misses you. The meliai stings you. The meliai hits you!
The meliai stings you!
* * * LOW HITPOINT WARNING * * *
The meliai hits you but does no damage. You block the meliai's attack.
The meliai hits you.
* * * LOW HITPOINT WARNING * * *
The meliai stings you!
* * * LOW HITPOINT WARNING * * *
You are poisoned.
The meliai poisons you!
The howler monkey hoots and howls with incredible vigour!
The meliai closely misses you. The meliai stings you.
* * * LOW HITPOINT WARNING * * *
As you read the scroll of fear, it crumbles to dust.
You assume a fearsome visage.
The meliai looks frightened!
The orc warrior looks frightened!
The two-headed ogre looks frightened!
The howler monkey looks frightened! x2
You feel very sick.
You feel very sick.
You feel very sick.
Cornered, the meliai turns to fight!
You feel sick.
You feel sick.
The meliai changes into a fire crab!
The orc warrior begs, "Please don't kill me!"
Things that are here:
a +0 cloak; a +0 dagger You feel sick.
The fire crab breathes flames at you. The blast of flame engulfs you!
* * * LOW HITPOINT WARNING * * *
You are engulfed in blazing flames.
You die...

#.# #.# #...hh# #.#.#..... #.#
#.# #.###.# #.#....... #.# #)#
#.#.#.# #.#.#)..## #.# #.#
#.#.#h###)###)..#o #.#
#.######.#.........).).#. #.#
#......#.#.#.#######)#)#.
##.###.####.#.#.#.# #.....#.#.
#...........#.#.#.###.###)#...
#############@#>...O.....)..#.
#...○○○○...h.)###...#.
#o.○°○○○##....# #...#.
#..t....##....# #...#.
#.......##....# #...##
#.........[...# #...#
#.......##...## #...#
###'.#..##...# #...#
#.##..##...#


You could see a fire crab shaped shifter, an orc warrior (fleeing) and a howler
monkey (fleeing).

Vanquished Creatures
  A two-headed ogre (D:9)
  A cyclops (D:9)
  Maurice (D:9)
  Joseph (D:8)
  An efreet (D:9)
  A troll (D:9)
  Grinder (D:3)
  A slime creature (D:9)
  3 wyverns (D:9)
  7 yaks
  Grum (D:8)
  2 steam dragons
  A water moccasin (D:5)
  A hornet zombie (D:4)
  A black bear (D:5)
  An ogre (D:7)
  2 necrophages (D:6)
  2 wolves (D:7)
  A phantom (D:3)
  4 centaurs
  7 kobold brigands
  A scorpion (D:5)
  A wyvern skeleton (D:7)
  13 killer bees
  3 howler monkeys (D:9)
  An electric eel (D:9)
  A centaur zombie (D:8)
  A centaur skeleton (D:7)
  2 bullfrog skeletons
  A hound (D:5)
  3 jellies (D:6)
  A gnoll shaman (D:9)
  3 orc priests
  2 iguanas
  7 orc wizards
  A merfolk siren (Sewer)
  A killer bee zombie (D:8)
  A merfolk avatar (Sewer)
  2 howler monkey zombies
  3 gnolls
  10 adders
  2 river rats (Sewer)
  A white imp (D:6)
  2 dart slugs
  25 orcs
  7 ball pythons
  5 endoplasms
  7 giant cockroaches
  2 goblins
  5 hobgoblins
  8 jackals
  10 quokkas
  4 bats
  15 frilled lizards
  25 kobolds
  19 rats
236 creatures vanquished.

Vanquished Creatures (collateral kills)
  A boulder beetle (D:9)
  A death knight (D:9)
  An ugly thing (D:9)
  A gargoyle (D:9)
4 creatures vanquished.

Vanquished Creatures (others)
  A human (D:4)
  A howler monkey (D:9)
2 creatures vanquished.

Grand Total: 242 creatures vanquished

Notes
Turn   | Place    | Note
-------+----------+-------------------------------------------
     0 | D:1      | siradein the Hill Orc Fighter began the quest for the Orb.
     0 | D:1      | Reached XP level 1. HP: 19/19 MP: 1/1
   123 | D:1      | Reached XP level 2. HP: 17/27 MP: 2/2
   519 | D:1      | Reached skill level 4 in Fighting
   530 | D:1      | Reached XP level 3. HP: 28/33 MP: 3/3
  1733 | D:3      | Reached XP level 4. HP: 40/40 MP: 4/4
  1893 | D:3      | Found a faded altar of an unknown god.
  1993 | D:3      | Found a burning altar of Makhleb.
  2022 | D:3      | Reached XP level 5. HP: 38/47 MP: 5/5
  2149 | D:3      | Noticed Grinder
  2166 | D:3      | Paralysed by Grinder for 6 turns
  2178 | D:3      | Paralysed by Grinder for 3 turns
  2195 | D:3      | Killed Grinder
  2196 | D:3      | Reached skill level 5 in Fighting
  2196 | D:3      | Reached XP level 6. HP: 26/56 MP: 6/6
  2772 | D:3      | Became a worshipper of Makhleb the Destroyer
  2807 | D:4      | Reached skill level 5 in Armour
  2807 | D:4      | Reached skill level 5 in Shields
  2864 | D:3      | Reached XP level 7. HP: 56/61 MP: 7/7
  3073 | D:4      | Found an ancient bone altar of Kikubaaqudgha.
  3082 | D:4      | Noticed a human
  3085 | D:4      | Killed a human
  3306 | D:4      | Reached * piety under Makhleb
  3329 | D:4      | Found a snail-covered altar of Cheibriados.
  3568 | D:5      | Entered Level 5 of the Dungeon
  3821 | D:5      | Reached skill level 6 in Fighting
  3927 | D:5      | Reached skill level 5 in Polearms
  3984 | D:5      | Found a glowing drain.
  4014 | Sewer    | Entered a sewer
  4176 | Sewer    | Reached ** piety under Makhleb
  4246 | Sewer    | Reached XP level 8. HP: 68/71 MP: 8/8
  4505 | D:5      | You are sucked into a shaft and drop 3 floors!
  4505 | D:8      | Noticed a yak
  4505 | D:8      | Noticed a yak
  4505 | D:8      | Noticed a yak
  4505 | D:8      | Noticed a yak
  4505 | D:8      | Noticed a yak
  4505 | D:8      | Noticed a yak
  4590 | D:8      | Reached skill level 1 in Invocations
  4657 | D:7      | Gained mutation: You occasionally shout uncontrollably at
                  | your foes. [potion of mutation]
  4662 | D:7      | Lost mutation: You occasionally shout uncontrollably at
                  | your foes. [potion of mutation]
  4662 | D:7      | Gained mutation: Your muscles are strong. (Str +2) [potion
                  | of mutation]
  4662 | D:7      | Gained mutation: You have a pair of small antennae on your
                  | head. [potion of mutation]
  4662 | D:7      | Gained mutation: You have sharp toenails. [potion of
                  | mutation]
  4831 | D:5      | Found Gevyrife's Distillery.
  4939 | D:5      | Reached skill level 7 in Fighting
  5436 | D:6      | Found a shimmering blue altar of Sif Muna.
  5450 | D:6      | Found a blossoming altar of Fedhas.
  5453 | D:6      | Found a hide-covered altar of Uskayaw.
  5537 | D:6      | Reached XP level 9. HP: 79/79 MP: 11/11
  5624 | D:6      | Reached *** piety under Makhleb
  5753 | D:6      | Found a stormy altar of Qazlal.
  5753 | D:6      | Found an ornate altar of the Wu Jian Council.
  6068 | D:5      | Bought 2 potions of heal wounds for 140 gold pieces
  6068 | D:5      | Bought a potion of ambrosia for 112 gold pieces
  6068 | D:5      | Bought a potion of cancellation for 112 gold pieces
  6068 | D:5      | Bought a potion of heal wounds for 70 gold pieces
  6365 | D:7      | Found Lanod's General Store.
  6366 | D:7      | Found Nesyat's Specific Store.
  6546 | D:7      | Found a staircase to the Ecumenical Temple.
  6569 | D:7      | Found a glowing silver altar of Zin.
  6776 | D:8      | Noticed Grum
  6802 | D:7      | Reached skill level 8 in Fighting
  6802 | D:7      | Reached skill level 5 in Invocations
  7019 | D:8      | Killed Grum
  7029 | D:8      | Found a staircase to the Lair.
  7136 | D:8      | Found a white marble altar of Elyvilon.
  7238 | D:8      | Reached XP level 10. HP: 61/90 MP: 14/14
  7416 | D:8      | Found a sacrificial altar of Ru.
  7504 | D:8      | Noticed Joseph
  7525 | D:8      | Killed Joseph
  7526 | D:8      | Reached skill level 9 in Fighting
  7597 | D:8      | Found Zoemy's Weapon Boutique.
  7953 | D:9      | Found a glowing golden altar of the Shining One.
  8004 | D:9      | Noticed Maurice
  8071 | D:9      | Killed Maurice
  8151 | D:9      | Reached **** piety under Makhleb
  8234 | D:9      | Noticed a gargoyle
  8234 | D:9      | Noticed a death knight
  8260 | D:9      | Killed a gargoyle
  8269 | D:10     | Entered Level 10 of the Dungeon
  8334 | D:10     | Found a basalt altar of Yredelemnul.
  8358 | D:10     | Noticed Amaemon
  8360 | D:10     | Noticed an orange demon
  8546 | D:9      | Noticed a two-headed ogre
  8686 | D:9      | Killed a two-headed ogre
  8687 | D:9      | Reached XP level 11. HP: 70/99 MP: 15/17
  8713 | D:9      | Killed a death knight
  8714 | D:9      | Reached skill level 10 in Fighting
  8831 | D:9      | Noticed a boulder beetle
  8840 | D:9      | Noticed a cyclops
  8865 | D:9      | Killed a cyclops
  8867 | D:9      | Killed a boulder beetle
  9021 | D:9      | HP: 1/100 [something/ball of steam (15)]
  9112 | D:9      | Noticed a red ugly thing
  9164 | D:9      | Noticed a two-headed ogre
  9167 | D:9      | Killed a brown ugly thing
  9177 | D:9      | Noticed a fire crab
  9177 | D:9      | a meliai changed into a fire crab
  9178 | D:9      | HP: 1/101 [fire crab (shapeshifter)/blast of flame (9)]
  9179 | D:9      | Engulfed by a fire crab (shapeshifter)'s flame

Illustrated notes

Levels and vault maps discovered:
D:1:      dpeg_arrival_lava_temple_mockup, layout_basic,
          chequers_serial_rivers_small_3, minmay_lizard_pond
D:2:      layout_rooms, st_stairs_13
D:3:      layout_basic, general_overflow_altar,
          shapermc_ecumenical_altar_acropolis, uniq_grinder
D:4:      layout_loops_cross, tgw_kikubaaqudgha, cheibriados_altar_1,
          serial_rivers, chequers_serial_rivers_micro_d,
          chequers_serial_rivers_room_b, chequers_serial_rivers_micro_d,
          chequers_serial_rivers_micro_b, chequers_serial_rivers_large_a
D:5:      layout_basic, cheibrodos_sewer_entry_drain, serial_shops,
          nicolae_take_the_stairs
D:6:      layout_rooms, gammafunk_temple_overflow_elements,
          grunt_temple_overflow_open
D:7:      layout_loops_ring, zin_statuary, temple_green, nicolae_specific_store
D:8:      layout_basic, mainiacjoe_overflow_concentric_impassable,
          nicolae_ru_great_annihilating_truth, lair_entry_dummy, serial_shops,
          nicolae_shop_behind_doors, minmay_misc_feat_room, uniq_joseph,
          uniq_grum
D:9:      minmay_the_grid_3x2 [minmay_the_grid_empty, minmay_the_grid_empty,
          minmay_the_grid_box_x, minmay_the_grid_gridbox,
          minmay_the_grid_plusring, minmay_the_grid_prize_four_corners],
          layout_basic, tso_altar, uniq_maurice
D:10:     layout_grid_maze, mainiacjoe_overflow_brackets,
          kennysheep_pointless_box, uniq_amaemon, uniq_erica

Skill      XL: |  1  2  3  4  5  6  7  8  9 10 11 |
---------------+----------------------------------+-----
Fighting       | 4 5 6 7 8 9 10 | 10.4
Polearms       | 3 4 5 6 7 8 9 |  9.2
Shields        | 4 5 6 7 9 |  9.5
Armour         | 4 5 6 7 9 |  9.6
Invocations    | 3 6 8 9 |  9.0

Action                   |  1- 3 |  4- 6 |  7- 9 | 10-12 || total
-------------------------+-------+-------+-------+-------++-------
Melee: Trident           |   148 |   128 |   780 |   346 ||  1402
Throw: Dart              |       |       |       |    17 ||    17
Invok: Lesser Servant of |       |       |       |    10 ||    10
  Use: Scroll            |       |     5 |     2 |     4 ||    11
       Potion            |       |     1 |     5 |     1 ||     7
 Stab: Paralysed         |       |       |       |     2 ||     2
Armor: Scale mail        |    79 |    67 |    38 |       ||   184
       Plate armour      |       |       |   475 |   188 ||   663
       Skin              |       |       |    65 |       ||    65
Dodge: Dodged            |    74 |    22 |   234 |    83 ||   413
Block: Buckler           |    26 |    19 |   209 |    60 ||   314

Table legend: (Time is in decaauts)
 A = Elapsed time spent in this place.
 B = Non-inter-level travel time spent in this place.
 C = Inter-level travel time spent in this place.
 D = Time resting spent in this place.
 E = Time spent auto-exploring this place.
 F = Levels seen in this place.
 G = Mean time per level.
                   A        B        C        D        E       F      G
               +--------+--------+--------+--------+--------+-----+--------+
         Total |   9252 |   9128 |    124 |    359 |   5201 |  11 |  841.1 |
       Dungeon |   8758 |   8634 |    124 |    359 |   4936 |  10 |  875.8 |
         Sewer |    493 |    493 |      0 |      0 |    265 |   1 |  493.0 |
               +--------+--------+--------+--------+--------+-----+--------+

Top non-repeatable levels by time:
     D:1: 1278 daAuts
     D:9: 1172 daAuts
     D:3: 1106 daAuts
     D:7: 1022 daAuts
     D:5: 1003 daAuts
     D:8: 997 daAuts
     D:6: 791 daAuts
     D:4: 770 daAuts
   Sewer: 493 daAuts
     D:2: 477 daAuts
    D:10: 138 daAuts
